Map: Ascension to Aiur LE

Players

Lambo

  • Race: Zerg Zerg
  • Spawn Location: 5:00

ZhuGeLiang - Winner!

  • Race: Zerg Zerg
  • Spawn Location: 11:00

Event: WCS Valencia 2017

VOD

Have the link to the VOD?

Description

Time

  • Played on: July 13, 2017, 9:43 a.m.
  • Length: 12:08

All games in this series

Show
View Real Time Build Order
Export as new Build Order

Lambo Zerg 

Build Orders: Hatch First 

Get SALT Encoding   

  12  0:00  Drone  
  13  0:12  Overlord  
  13  0:17  Drone  
  14  0:30  Drone x2  
  14  0:34  Drone  
  17  0:51  Hatchery  
  17  0:55  Drone  
  17  0:58  Drone  
  18  1:08  Extractor  
  17  1:12  Spawning Pool  
  17  1:15  Drone  
  17  1:19  Drone  
  18  1:28  Drone  
  19  1:39  Overlord  
  19  2:00  Queen, Zergling x4  
  23  2:03  Queen  
  23  2:04  Zergling x2  
  23  2:08  Metabolic Boost  
  26  2:12  Drone  
  27  2:16  Drone  
  27  2:21  Drone  
  29  2:26  Drone  
  29  2:29  Baneling Nest  
  29  2:34  Spine Crawler  
  29  2:35  Zergling x2  
  28  2:40  Zergling x2  
  29  2:46  Zergling x4  
  25  2:58  Zergling x4  
  25  3:01  Queen  
  25  3:08  Zergling x2  
  25  3:12  Baneling x2  
  25  3:16  Zergling x2  
  25  3:17  Baneling  
  18  3:29  Zergling x2  
  18  3:38  Zergling x2  
  18  3:41  Baneling  
  18  3:46  Zergling x2  
  19  3:50  Zergling x2  
  20  4:00  Zergling x4  
  17  4:07  Zergling x4  
  19  4:11  Zergling x2  
  19  4:16  Zergling x2  
  21  4:21  Drone x2  
  23  4:25  Drone  
  24  4:34  Baneling  
  24  4:35  Drone  
  25  4:41  Drone x2  
  27  4:49  Drone x2  
  28  4:57  Overlord  
  28  4:58  Drone  
  29  5:09  Queen  
  29  5:12  Zergling x2  
  31  5:23  Drone x3  
  31  5:26  Overlord  
  31  5:33  Zergling x4  
  31  5:35  Queen  
  33  5:38  Baneling x2  
  35  5:42  Zergling x4  
  35  5:49  Zergling x2  
  32  5:54  Drone  
  31  5:58  Drone  
  31  6:02  Drone  
  33  6:06  Drone  
  34  6:12  Zergling x2  
  35  6:21  Drone x4  
  38  6:36  Drone x2  
  38  6:38  Hatchery  
  37  6:44  Zergling x6  
  40  6:49  Baneling x2  
  40  6:54  Zergling x6  
  42  6:56  Drone  
  44  7:02  Drone x3  
  44  7:03  Baneling x2  
  44  7:07  Drone x2  
  47  7:18  Drone x2  
  49  7:23  Roach Warren  
  49  7:25  Evolution Chamber  
  49  7:28  Drone x4  
  51  7:30  Extractor  
  51  7:31  Drone  
  51  7:32  Extractor  
  51  7:35  Overlord  
  50  7:39  Drone  
  50  7:53  Zergling x2  
  50  7:54  Zergling x6  
  54  8:01  Overlord  
  54  8:03  Roach x4  
  62  8:08  Spine Crawler, Overlord  
  62  8:12  Roach  
  63  8:13  Baneling x3  
  63  8:19  Roach  
  67  8:20  Roach  
  67  8:25  Roach x2  
  71  8:32  Roach x3  
  71  8:34  Drone  
  77  8:36  Roach  
  68  8:44  Roach x2  
  68  8:47  Zergling x2  
  68  8:48  Zergling x4  
  63  8:54  Zergling x4  
  56  8:59  Roach  
  50  9:03  Drone  
  50  9:05  Drone  
  49  9:10  Drone x2  
  49  9:15  Roach  
  52  9:20  Roach  
  52  9:23  Baneling  
  54  9:25  Zergling x4  
  56  9:32  Zergling x2, Roach  
  56  9:33  Zergling x2  
  56  9:37  Overlord  
  60  9:44  Overlord  
  60  9:47  Queen  
  62  9:54  Roach x2  
  66  10:03  Roach  
  66  10:04  Roach  
  66  10:06  Baneling  
  69  10:09  Roach  
  71  10:15  Roach x2  
  71  10:19  Roach  
  77  10:22  Roach  
  77  10:27  Roach  
  81  10:29  Overlord  
  81  10:31  Roach  
  83  10:36  Roach  
  83  10:38  Roach  
  83  10:41  Zergling x4  
  89  10:43  Baneling  
  89  10:46  Zergling x2  
  89  10:48  Ravager  
  91  10:50  Ravager  
  91  10:51  Zergling x4  
  91  10:52  Zergling x2  
  91  10:55  Queen  
  97  10:58  Ravager  
  97  10:59  Zergling x2  
  98  11:06  Zergling x4  
  98  11:07  Zergling x4  
  98  11:08  Ravager  
  103  11:15  Zergling x6  
  102  11:20  Zergling x2  
  102  11:22  Baneling x2  
  99  11:26  Zergling x2  
  99  11:31  Zergling x2  
  101  11:33  Zergling x2  
  101  11:36  Zergling x4  
  101  11:39  Zergling x2  
  104  11:43  Zergling x2  
Show
View Real Time Build Order
Export as new Build Order

ZhuGeLiang Zerg - Winner!

Build Orders: Pool First, Zergling Baneling 

Get SALT Encoding   

  12  0:01  Drone  
  13  0:15  Extractor  
  12  0:24  Spawning Pool  
  11  0:28  Drone  
  11  0:33  Drone  
  13  0:38  Drone  
  14  0:50  Overlord  
  14  1:10  Queen  
  16  1:11  Zergling x2  
  17  1:19  Metabolic Boost  
  17  1:22  Zergling x2  
  18  1:27  Zergling x2  
  18  1:31  Zergling x2  
  20  1:36  Zergling x2  
  21  1:46  Baneling Nest  
  20  1:50  Zergling x2  
  21  1:58  Overlord  
  21  2:10  Zergling x2  
  22  2:18  Zergling x6  
  22  2:21  Zergling x2  
  26  2:30  Baneling x2  
  26  2:34  Zergling x2  
  27  2:42  Zergling x2  
  27  2:52  Zergling x2  
  27  2:57  Zergling x4  
  29  3:01  Baneling x2  
  28  3:06  Zergling x2  
  28  3:07  Baneling  
  28  3:08  Baneling  
  29  3:13  Baneling  
  29  3:15  Overlord  
  27  3:33  Zergling x4  
  23  3:35  Baneling  
  23  3:36  Baneling  
  23  3:42  Zergling x2  
  23  3:48  Drone x3  
  26  3:59  Zergling x2  
  22  4:18  Hatchery  
  22  4:20  Baneling  
  22  4:22  Baneling  
  21  4:28  Zergling x2  
  21  4:29  Zergling x2  
  23  4:33  Zergling x2  
  23  4:36  Zergling x2  
  25  4:44  Zergling x2  
  25  4:45  Zergling x2  
  27  4:49  Baneling x2  
  26  4:59  Zergling x6  
  27  5:09  Queen  
  27  5:13  Baneling  
  29  5:21  Drone x2  
  28  5:30  Drone x2  
  28  5:34  Drone  
  30  5:38  Drone  
  31  5:52  Drone x4  
  31  5:56  Drone  
  35  6:03  Drone x2  
  36  6:13  Baneling x4  
  36  6:19  Zergling x8  
  40  6:26  Roach Warren  
  40  6:27  Drone  
  39  6:35  Zergling x8  
  43  6:44  Zergling x2  
  43  6:46  Overlord x2  
  44  6:56  Overlord  
  42  7:11  Hatchery  
  41  7:23  Roach x5  
  41  7:24  Roach  
  41  7:27  Roach x2  
  56  7:34  Roach x2  
  60  7:40  Overlord  
  60  7:42  Roach  
  62  7:52  Zergling x8  
  62  7:53  Zergling x2  
  62  7:57  Zergling x2  
  67  8:00  Zergling x2  
  67  8:01  Zergling x2  
  67  8:02  Zergling x2  
  67  8:04  Baneling x2  
  70  8:07  Zergling x2  
  70  8:08  Zergling x2  
  70  8:11  Overlord  
  72  8:17  Zergling x4  
  74  8:21  Drone  
  74  8:25  Evolution Chamber  
  71  8:35  Zergling x10  
  66  8:47  Zergling x2  
  66  8:48  Zergling x10  
  67  8:50  Zerg Missile Weapons Level 1  
  67  8:53  Drone  
  67  8:54  Drone  
  59  8:58  Drone x2  
  59  8:59  Drone  
  59  9:02  Drone  
  57  9:05  Drone  
  57  9:06  Drone  
  52  9:12  Queen  
  52  9:16  Roach  
  54  9:19  Extractor  
  54  9:20  Roach  
  54  9:23  Roach  
  57  9:29  Roach x2  
  61  9:34  Drone  
  61  9:35  Drone x3  
  61  9:37  Extractor  
  64  9:41  Drone x3  
  68  9:45  Drone x2  
  68  9:46  Drone  
  69  9:54  Drone x4  
  73  10:03  Drone x2  
  75  10:08  Drone x4  
  79  10:15  Drone x3  
  82  10:22  Drone x2  
  82  10:23  Drone x3  
  82  10:26  Extractor, Overlord  
  82  10:27  Overlord  
  86  10:33  Overlord  
  86  10:35  Roach  
  88  10:38  Extractor  
  88  10:39  Overlord  
  88  10:41  Roach  
  89  10:45  Roach x2  
  89  10:46  Roach x2  
  89  10:49  Spine Crawler  
  96  10:50  Roach x2  
  96  10:53  Roach x3  
  96  10:54  Ravager  
  96  10:55  Ravager x2  
  109  10:59  Roach  
  109  11:00  Roach x2  
  109  11:03  Roach  
  109  11:04  Roach  
  119  11:09  Roach  
  119  11:10  Overlord x2  
  119  11:11  Overlord  
  119  11:16  Overlord  
  119  11:18  Roach x2  
  120  11:19  Overlord  
  116  11:28  Ravager  
  116  11:29  Ravager, Roach  
  116  11:30  Zergling x2, Roach  
  116  11:31  Zergling x8  
  127  11:39  Roach x2  
  133  11:40  Roach x2  
Tags
 
Add a new tag
Caveats
  • Supply blocks, unpowered buildings, or Contaminate may cause inaccurate times.
  • Supply counts are checked every 10 seconds.